 Dungeon Crawl Stone Soup version 0.29.0-4-gdea44cf6ec (webtiles) character file.

Game seed: 4198791336874044178

19 qw the Chopper (level 2, -3/17 HPs)
             Began as a Tengu Warper on Aug 28, 2022.
             Slain by a crimson imp (4 damage)
             ... summoned by Natasha
             ... on level 2 of the Dungeon.
             The game lasted 00:00:04 (1409 turns).

qw the Chopper (Tengu Warper)                       Turns: 1409, Time: 00:00:05

Health: -3/17      AC:  3    Str: 11    XL:     2   Next: 75%
Magic:  6/6        EV: 11    Int: 13    God:
Gold:   51         SH:  0    Dex: 13    Spells: 5/5 levels left

rFire   . . .      SeeInvis .   Y - +0 hand axe
rCold   . . .      Faith    .   (no shield)
rNeg    . . .      Spirit   .   b - +0 leather armour
rPois   .          Reflect  .   (helmet restricted)
rElec   .          Harm     .   (no cloak)
rCorr   .          Rampage  .   (no gloves)
Will    .....                   (boots unavailable)
Stlth   +.........              (no amulet)
HPRegen 0.05/turn               (no ring)
MPRegen 0.10/turn               (no ring)

@: weak-willed, slowed, very slow
A: beak, talons 3
a: no special abilities


You were on level 2 of the Dungeon.
You visited 1 branch of the dungeon, and saw 2 of its levels.

You collected 51 gold pieces.


Innate Abilities, Weirdness & Mutations

You have a beak for a mouth.
You have claws for feet.


   Skills:
 - Level 2.0 Fighting
 + Level 3.5 Axes
 - Level 1.0 Throwing
 - Level 1.1 Armour
 - Level 2.1 Dodging
 - Level 2.0 Spellcasting
 - Level 2.4 Translocations


You had 5 spell levels left.
You didn't know any spells.
Your spell library contained the following spells:

 Spells                   Type           Power      Damage    Failure   Level
 Blink                    Tloc           14%        N/A       19%         2
 Gell's Gravitas          Tloc           7%         N/A       36%         3
 Lesser Beckoning         Tloc           7%         N/A       36%         3
 Teleport Other           Tloc           7%         N/A       36%         3
 Manifold Assault         Tloc           7%         N/A       98%         5

Inventory:

Hand Weapons
 i - a +0 mace
 Y - a +0 hand axe (weapon)
Armour
 b - a +0 leather armour (worn)
Scrolls
 f - a scroll of identify
Potions
 e - a potion of curing {unknown}

Dungeon Overview and Level Annotations

Branches:
Dungeon (2/15)

Altars:

Shops:
D:1 (

Annotations:
D:2 Natasha


Message History

You hit Natasha. Your peck misses Natasha.
Natasha is heavily wounded.
You closely miss the ball python. The ball python barely misses you. x2
Natasha stares at you and mumbles some strange words.
You resist with significant effort. The ball python closely misses you. x2
You closely miss Natasha. Your peck misses Natasha.
Natasha is heavily wounded.
You closely miss the ball python. The ball python misses you.
The ball python barely misses you.
Natasha mumbles some strange words.
You hit Natasha.
Natasha is severely wounded.
You hit the crimson imp but do no damage.
You barely miss the ball python. The ball python barely misses you.
The ball python grabs you. The ball python constricts you. Natasha claws you.
The crimson imp hits you.
The ball python bites you but does no damage.
The ball python constricts you.
You barely miss the ball python. You claw the ball python.
You kill the ball python!
You closely miss Natasha. You miss the crimson imp. Natasha closely misses you.
The crimson imp closely misses you.
You closely miss Natasha.
Natasha is severely wounded.
You closely miss the crimson imp. Natasha barely misses you.
The crimson imp hits you.
You barely miss Natasha. Your kick misses Natasha. Your peck misses Natasha.
Natasha is severely wounded.
You closely miss the crimson imp. Natasha barely misses you.
The crimson imp completely misses you.
Natasha stares at you and mumbles some strange words.
You feel yourself slow down.
You hit Natasha.
Natasha is severely wounded.
You hit the crimson imp but do no damage.
The crimson imp closely misses you.
Natasha stares at you and mumbles some strange words.
You resist with significant effort. The crimson imp hits you.
You die...

...............
^...............
[................
................#
................#
................#
#...h........#
#...@5.......#
##.%.....<...#
#...........##
......##.<.......
...##....########
.... ###..# ...
#... .. ##.. ..##


You could see Natasha and a crimson imp (summoned).

Vanquished Creatures
  3 endoplasms (D:1)
  2 hobgoblins (D:1)
  3 quokkas (D:1)
  3 ball pythons
  5 bats (D:1)
  A rat (D:1)
17 creatures vanquished.

Notes
Turn   | Place    | Note
-------+----------+-------------------------------------------
     0 | D:1      | qw the Tengu Warper began the quest for the Orb.
     0 | D:1      | Reached XP level 1. HP: 12/12 MP: 4/4
     0 | D:1      | 0 ||| qw: Version: 0.1-a-89-g26bdef1
     0 | D:1      | 0 ||| qw: Game counter: 1741
     0 | D:1      | 0 ||| qw: Always use a shield: true
     0 | D:1      | 0 ||| qw: God list: Okawaru
     0 | D:1      | 0 ||| qw: Allow faded altars: false
     0 | D:1      | 0 ||| qw: Do Orc after D:15 true
     0 | D:1      | 0 ||| qw: Do second Lair branch before Depths: true
     0 | D:1      | 0 ||| qw: Lair rune preference: random
     0 | D:1      | 0 ||| qw: Plans: Normal
     0 | D:1      | 0 ||| PLANNING D:1-11
   360 | D:1      | Found Ofomueq's Weapon Boutique.
   366 | D:1      | 366 ||| SHOPLISTING +0 mace (39 gold, have 21).
   473 | D:1      | Reached XP level 2. HP: 17/17 MP: 6/6
   491 | D:1      | Reached skill level 3 in Axes
   998 | D:1      | Found a faded altar of an unknown god.
  1379 | D:1      | 1379 ||| DROPPING orb of mayhem.
  1380 | D:1      | 1380 ||| READING scroll labelled XUIMAUTRILA.
  1381 | D:1      | 1381 ||| READING 2 scrolls labelled REUSTO NOU.
  1382 | D:1      | 1382 ||| READING scroll labelled HAYC ZOB USME.
  1387 | D:1      | 1387 ||| DROPPING scroll of blinking.
  1395 | D:2      | Noticed Natasha
  1405 | D:2      | Noticed a crimson imp
  1405 | D:2      | HP: 3/17 [crimson imp[Natasha] (2)]
  1407 | D:2      | HP: 1/17 [crimson imp[Natasha] (2)]
  1409 | D:2      | Slain by a crimson imp

Levels and vault maps discovered:
D:1:      dpeg_arrival_lava_temple_mockup, layout_loops_corners, serial_shops,
          shop, ebering_ecumenical_altar_abandoned, serial_bayou_ford_a
D:2:      layout_rooms, kennysheep_generic_room_12, uniq_terence, uniq_sigmund,
          uniq_crazy_yiuf_cottage, uniq_natasha

Skill      XL: |  1  2 |
---------------+-------+-----
Axes           | 3 |  3.5
Fighting       | |  2.0
Throwing       | |  1.0
Armour         | |  1.1
Dodging        | |  2.1
Spellcasting   | |  2.0
Translocations | |  2.4

Action                   || total
-------------------------++-------
Melee: Hand axe          ||    44
       Kick              ||    13
       Peck              ||     5
Throw: Boomerang         ||     7
  Use: Scroll            ||     3
Armor: Leather armour    ||    12
Dodge: Dodged            ||    38

Table legend:
 A = Non-vault XP
 B = Vault XP
 C = Vault XP percentage of total XP
 D = Non-vault monster count
 E = Vault monster count
 F = Vault count percentage of total count
                 A         B        C        D         E       F
            +---------+---------+-------+---------+---------+-------
      Total |      28 |       0 |   0.0 |      17 |       0 |   0.0
            +---------+---------+-------+---------+---------+-------
        D:1 |      27 |       0 |   0.0 |      16 |       0 |   0.0
        D:2 |       1 |       0 |   0.0 |       1 |       0 |   0.0
            +---------+---------+-------+---------+---------+-------
